cohdb
Replays
Latest Replays
All Replays
Popular Replays
Top Player Replays
Match Explorer
How It Works
Community
CoH3 Stats
Reddit
Sign in to upload your games and track your stats! →
Sign in with Steam
Match 47139032
Unlisted
Match 47139032
Overview
Messages
Build Orders
End
Kradschützen Motorcycle Team
Panzergrenadier Squad
Selects Panzerjäger Kommand Battlegroup
Selects Mine Fields
250 Light Carrier
Panzergrenadier Squad
Construct Light Support Kompanie
Assault Grenadier Squad
Panzerjäger Mechanized Group
Fire Support Elements
2.5-tonne Medical Truck
MG34 Team
Selects Tank Busters
Construct Panzerarmee Kommand
Veteran Squad Leaders
Vehicle Survival Package
Selects Crew Shock Tactics
Armored Reserves
Panzerjäger Squad
Tiger Heavy Tank
Selects Early Warning
Selects Butterfly Bomb Drop
Early Warning
Goodvyn
BassAngler5000
0
0
Comments
sign in to comment!
No comments posted yet!